AoeStats
← Tunga

Enclosed

505882413Analyzed
1v1 RM · 21d ago on Sep 11, 2026· 53m 6s· 2 players
Game mode
Random Map
Map size
Tiny (2 player)
Population
200
Speed
Normal
Resources
Standard
Victory
Conquest
Starting age
Dark Age
Ending age
Imperial Age
RankedLock teamsTeams togetherTeam positionsShared explorationLock speedFull tech treeHidden civsTurbo modeCheats
Victory
Defeat
🇹🇷 Aztecs · Türkiye
745
+15
🇲🇲 Portuguese · Myanmar (Burma)
726
-15
Wai-Yan-Tun
6:19 Loom
9:58 Feudal Age
10:41 Double-Bit Axe
13:13 Fletching
22:56 Castle Age
22:53 Stone Mining
23:58 Light Cavalry
24:48 Bloodlines
25:51 Wheelbarrow
25:02 Town Watch
26:26 Stone Shaft Mining
26:00 Husbandry
28:37 Bloodlines
39:19 Imperial Age
37:07 Hand Cart
44:33 Bodkin Arrow
44:39 Padded Archer Armor
44:50 Forging
44:46 Scale Barding Armor
44:41 Scale Mail Armor
46:12 Gold Mining
46:39 Leather Archer Armor
46:24 Bracer
47:00 Iron Casting
46:37 Masonry
46:08 Treadmill Crane
46:49 Ballistics
46:19 Guard Tower
46:40 Fortified Wall
46:25 Murder Holes
48:15 Horse Collar
48:52 Chain Mail Armor
Tunga
10:29 Feudal Age
8:44 Loom
11:15 Horse Collar
11:23 Double-Bit Axe
19:55 Wheelbarrow
20:27 Scale Mail Armor
20:37 Forging
24:25 Castle Age
22:28 Gold Mining
22:49 Man-at-Arms
24:42 Long Swordsman
25:07 Gambesons
26:12 Gambesons
29:00 Bow Saw
29:58 Eagle Warrior
38:16 Gold Shaft Mining
38:03 Hand Cart
43:00 Imperial Age
40:55 Elite Skirmisher
43:11 Capped Ram
44:55 Chain Mail Armor
45:15 Iron Casting
51:11 Elite Eagle Warrior
Connection lost

Rejoining the realm…

Still unreachable

The connection could not be restored.

Session expired

The server has moved on; the page needs a fresh start.